 Dungeon Crawl Stone Soup version 0.32-a0-473-gd044c6f0f0 (webtiles) character file.

Game seed: 4517447594150546967

95 LobsterGuardian the Firebug (level 4, -1/33 HPs)
             Began as a Mountain Dwarf Fire Elementalist on Feb 26, 2024.
             Slain by a giant cockroach (2 damage)
             ... on level 4 of the Dungeon.
             The game lasted 00:06:59 (2662 turns).

LobsterGuardian the Firebug (MDFE)                  Turns: 2662, Time: 00:06:59

Health: -1/33      AC:  4    Str: 11    XL:     4   Next: 39%
Magic:  7/7        EV: 12    Int: 17    God:
Gold:   186        SH:  0    Dex: 10    Spells: 4/7 levels left

rFire   . . .        f - +2 short sword (vamp)
rCold   + . .        (no shield)
rNeg    . . .        k - +1 robe {rC+}
rPois   .            (no helmet)
rElec   .            (no cloak)
rCorr   .            (no gloves)
SInv    .            i - +0 pair of boots
Will    .....        (no amulet)
Stlth   ++           (no ring)
HPRegen 0.25/turn    (no ring)
MPRegen 0.10/turn

%: no passive effects
@: weak-willed
A: runic magic, artefact enchanting
a: no special abilities


You were on level 4 of the Dungeon.
You visited 1 branch of the dungeon, and saw 4 of its levels.

You collected 186 gold pieces.

Inventory:

Hand Weapons
 f - a +2 vampiric short sword (weapon)
Armour
 i - a +0 pair of boots (worn)
 k - a +1 robe of cold resistance (worn)
Scrolls
 h - a scroll of fog {unknown}
 j - a scroll of enchant armour {unknown}
Potions
 a - a potion of might {unknown}
 b - 2 potions of magic
 c - a potion of attraction {unknown}
 d - a potion of haste
 e - 3 potions of curing {unknown}
 l - 2 potions of lignification


   Skills:
 + Level 0.1 Short Blades
 + Level 1.7 Dodging
 + Level 1.4 Stealth
 + Level 2.2 Spellcasting
 + Level 1.0 Conjurations
 * Level 5.5 Fire Magic


You had 4 spell levels left.
You knew the following spells:

 Your Spells              Type           Power      Damage    Failure   Level
a - Foxfire               Conj/Fire      52%        2x1d6     4%          1
b - Scorch                Fire           40%        2d6       3%          2

Your spell library contained the following spells:

 Spells                   Type           Power      Damage    Failure   Level
 Sting                    Conj/Alch      12%        1d3       16%         1
 Apportation              Tloc           2%         N/A       19%         1
 Necrotise                Necr           4%         1d4       19%         1
 Summon Small Mammal      Summ           4%         N/A       19%         1
 Inner Flame              Hex/Fire       11%        N/A       19%         3
 Volatile Blastmotes      Fire/Tloc      22%        2d11      19%         3
 Call Imp                 Summ           2%         N/A       28%         2
 Sublimation of Blood     Necr           1%         N/A       28%         2
 Dazzling Flash           Conj/Hex       6%         N/A       43%         3
 Flame Wave               Conj/Fire      13%        2d6       43%         4
 Vampiric Draining        Necr           1%         2d6       50%         3
 Martyr's Knell           Necr/Summ      1%         N/A       88%         4
 Curse of Agony           Necr           1%         N/A       99%         5
 Starburst                Conj/Fire      6%         6d4       100%        6
 Summon Hydra             Summ           0%         N/A       100%        7
 Maxwell's Capacitive Co  Air            0%         ∞         100%        8


Dungeon Overview and Level Annotations

Branches:
Dungeon (4/15)
 Temple: D:4-7

Altars:
Dithmenos
Fedhas
Gozag
Trog

Annotations:
D:3 exclusion: oklob plant
D:4 Ijyb


Innate Abilities, Weirdness & Mutations

Your spellcasting is much less encumbered by armour.
You can use scrolls of enchantment on lesser artefacts.


Message History

There is a stone staircase leading down here.
There is a stone staircase leading up here.
You climb upwards.
There is a stone staircase leading down here.
Done exploring.
You climb downwards.
There is a stone staircase leading up here.
There is a stone staircase leading down here.
You climb downwards.
Level annotation: exclusion: oklob plant
There is a stone staircase leading up here.
Things that are here:
a +0 short sword; a kobold skeleton Partly explored, can't reach some places.
There is a stone staircase leading down here.
You climb downwards.
Found a leather armour and a scroll labelled OTIJINN YGATOE.
Found a shadowy altar of Dithmenos.
There is a stone staircase leading up here.
There are monsters nearby!
There are monsters nearby!
Found 15 gold pieces.
Ijyb shouts!
You hit Ijyb.
Ijyb is lightly wounded.
Ijyb zaps a wand.
The bolt of dispelling energy hits you!
A quokka comes into view.
The giant cockroach bites you but does no damage.
You hear a shout!
Unknown command.
As you read the scroll labelled FEYC GUSUEGH, it crumbles to dust.
A wave of despondency washes over your surroundings.
It was a scroll of vulnerability.
Ijyb zaps a wand.
The bolt of dispelling energy hits you!!
Your magical effects are unravelling.
Ouch! That really hurt!
* * * LOW HITPOINT WARNING * * *
A goblin comes into view. It is wielding a +0 vampiric dagger.
The giant cockroach bites you.
You die...

## #..... #..
#..r.# #...#.....
..#....###
.g......#
#......# #......#
# #.g@...# .#
###.B....##..##.
.................
..........<.[..##
...≈≈.≈≈.......#
....≈.≈...#.####
..≈.....≈.###
$.≈≈...≈≈.#
...?_....#


You could see Ijyb (weak-willed), a quokka (weak-willed), a giant cockroach
(weak-willed) and a goblin.

Vanquished Creatures
  4 adders
  A dart slug (D:2)
  A ribbon worm (D:2)
  An orc (D:3)
  3 ball pythons
  6 bats
  5 endoplasms
  2 giant cockroaches
  3 goblins
  5 hobgoblins
  A quokka (D:1)
  5 frilled lizards
  8 kobolds
  9 rats
54 creatures vanquished.

Vanquished Creatures (others)
  74 foxfires
74 creatures vanquished.

Grand Total: 128 creatures vanquished

Notes
Turn   | Place    | Note
-------+----------+-------------------------------------------
     0 | D:1      | LobsterGuardian the Mountain Dwarf Fire Elementalist began
                  | the quest for the Orb.
     0 | D:1      | Reached XP level 1. HP: 14/14 MP: 3/3
   105 | D:1      | Reached skill level 4 in Fire Magic
   166 | D:1      | Reached XP level 2. HP: 20/20 MP: 1/4
   427 | D:1      | Learned a level 2 spell: Scorch
   623 | D:2      | Reached skill level 5 in Fire Magic
   623 | D:2      | Reached XP level 3. HP: 20/26 MP: 0/6
   808 | D:2      | You fall into a shaft and drop 2 floors!
  1218 | D:3      | Found a bloodstained altar of Trog.
  1297 | D:3      | Reached XP level 4. HP: 33/33 MP: 3/7
  1376 | D:3      | Reached skill level 1 in Conjurations
  1393 | D:3      | Found an opulent altar of Gozag.
  1491 | D:3      | Found a blossoming altar of Fedhas.
  1502 | D:3      | Noticed an oklob plant
  1567 | D:3      | Found Hemn's Distillery.
  2413 | D:2      | Found a faded altar of an unknown god.
  2657 | D:4      | Noticed Ijyb
  2657 | D:4      | Found a shadowy altar of Dithmenos.
  2662 | D:4      | HP: 1/33 [Ijyb/bolt of dispelling energy (20)]
  2662 | D:4      | Slain by a giant cockroach

Illustrated notes

Levels and vault maps discovered:
D:1:      nzn_arrival_crosshair, layout_rooms, minmay_tripent
D:2:      layout_basic, hellmonk_ecumenical_altar_run_dry,
          minmay_indecisive_spiral
D:3:      layout_basic, tgw_fedhas, grunt_gozag_breadcrumbs,
          general_overflow_altar, serial_shops, shop
D:4:      layout_basic, dancing_weapons_uskayaw,
          mainiacjoe_overflow_small_starburst, minivault_1, uniq_duvessa,
          uniq_ijyb

Skill      XL: |  1  2  3  4 |
---------------+-------------+-----
Fire Magic     | 4 5 |  5.5
Spellcasting   | 2 |  2.2
Conjurations   | 1 |  1.0
Short Blades   | |  0.1
Dodging        | |  1.7
Stealth        | |  1.4

Action                     |  1- 3 |  4- 6 || total
---------------------------+-------+-------++-------
  Melee: Unarmed           |     2 |       ||     2
         Short sword       |    14 |    19 ||    33
   Cast: Foxfire           |    34 |     8 ||    42
         Scorch            |    11 |    10 ||    21
    Use: Scroll            |     1 |     2 ||     3
 Armour: Robe              |     3 |    16 ||    19
  Dodge: Dodged            |     9 |    13 ||    22

Table legend: (Time is in decaauts)
 A = Elapsed time spent in this place.
 B = Non-inter-level travel time spent in this place.
 C = Inter-level travel time spent in this place.
 D = Time resting spent in this place.
 E = Time spent auto-exploring this place.
 F = Levels seen in this place.
 G = Mean time per level.
                   A        B        C        D        E       F      G
               +--------+--------+--------+--------+--------+-----+--------+
         Total |   2662 |   2490 |    172 |      0 |   2185 |   4 |  665.5 |
       Dungeon |   2662 |   2490 |    172 |      0 |   2185 |   4 |  665.5 |
               +--------+--------+--------+--------+--------+-----+--------+

Top non-repeatable levels by time:
     D:2: 1118 daAuts
     D:3: 952 daAuts
     D:1: 580 daAuts
     D:4: 12 daAuts
